 Dungeon Crawl Stone Soup version 0.29-a0-307-gecccbbdb84 (webtiles) character file.

Game seed: 13406814523423331594

98 Dabor the Vexing (level 4, -3/34 HPs)
             Began as a Gnoll Arcane Marksman on Mar 27, 2022.
             Was a Plaything of Xom.
             Killed by divine providence
             ... invoked by an orc priest
              (11 damage)
             ... on level 3 of the Dungeon.
             The game lasted 00:03:31 (2016 turns).

Dabor the Vexing (Gnoll Arcane Marksman)            Turns: 2016, Time: 00:03:32

Health: -3/34      AC:  2    Str:  7 (10) XL:     4   Next: 69%
Magic:  8/8        EV: 13    Int: 10 (12) God:    Xom [..*...]
Gold:   115        SH:  0    Dex: 11 (14) Spells: 8/9 levels left

rFire   . . .      SeeInvis .   a - +0 shortbow
rCold   . . .      Faith    .   (shield currently unavailable)
rNeg    . . .      Spirit   .   b - +0 robe
rPois   .          Reflect  .   (no helmet)
rElec   .          Harm     .   (no cloak)
rCorr   .          Rampage  .   (no gloves)
Will    .....      Clarity  +   (no boots)
Stlth   +.........              (no amulet)
HPRegen 0.11/turn               (no ring)
MPRegen 0.11/turn               (no ring)

@: confused, ambrosia-drunk, flying
A: fangs 1, strong nose, distributed training, large bone plates 1, clarity
a: Renounce Religion


You were on level 3 of the Dungeon.
You worshipped Xom.
You were a toy of Xom.
You visited 1 branch of the dungeon, and saw 3 of its levels.

You collected 115 gold pieces.

Inventory:

Hand Weapons
 a - a +0 shortbow (weapon)
Missiles
 l - 3 poisoned darts
Armour
 b - a +0 robe (worn)
Jewellery
 i - a ring of positive energy
Scrolls
 c - a scroll of vulnerability
 d - a scroll of summoning {unknown}
 h - 3 scrolls of identify {unknown}
 k - a scroll of fog {unknown}
 n - 2 scrolls of teleportation {unknown}
 o - a scroll of immolation {unknown}
 q - a scroll of noise {unknown}
Potions
 e - a potion of mutation
 f - a potion of ambrosia
 j - a potion of flight
 m - a potion of cancellation {unknown}
 p - a potion of heal wounds {unknown}


   Skills:
 + Level 2.8 Fighting
 + Level 1.2 Short Blades
 + Level 1.2 Long Blades
 + Level 1.2 Axes
 + Level 1.2 Maces & Flails
 + Level 1.2 Polearms
 + Level 1.2 Staves
 + Level 1.2 Slings
 + Level 4.7 Bows
 + Level 1.2 Crossbows
 + Level 1.2 Throwing
 + Level 1.2 Armour
 + Level 4.7 Dodging
 + Level 1.2 Stealth
 + Level 1.2 Shields
 + Level 1.2 Unarmed Combat
 + Level 3.0 Spellcasting
 + Level 1.0 Conjurations
 + Level 5.5 Hexes
 + Level 1.0 Summonings
 + Level 1.0 Necromancy
 + Level 1.0 Translocations
 + Level 1.0 Transmutations
 + Level 1.0 Fire Magic
 + Level 1.0 Ice Magic
 + Level 1.0 Air Magic
 + Level 1.0 Earth Magic
 + Level 1.0 Poison Magic
 + Level 1.3 Invocations
 + Level 1.2 Evocations


You had 8 spell levels left.
You knew the following spells:

 Your Spells              Type           Power      Damage    Failure   Level
a - Slow                  Hex            48%        N/A       3%          1

Your spell library contained the following spells:

 Spells                   Type           Power      Damage    Failure   Level
 Inner Flame              Hex/Fire       8%         N/A       22%         3
 Portal Projectile        Hex/Tloc       16%        N/A       22%         3
 Cause Fear               Hex            6%         N/A       28%         4


Dungeon Overview and Level Annotations

Branches:
Dungeon (3/15)

Altars:
Xom


Innate Abilities, Weirdness & Mutations

You have very sharp teeth.
Your uncanny sense of smell can sniff out nearby items.
Your experience applies equally to all skills.
You are partially covered in large bone plates. (SH +4)
You possess an exceptional clarity of mind.


Message History

The orc wizard hits you but does no damage.
You shoot an arrow. The arrow misses the orc wizard.
The arrow hits the orc!
You kill the orc!
The orc wizard casts a spell at you. The puff of flame hits you!
You are too injured to fight recklessly!
You are too injured to fight recklessly!
You are too injured to fight recklessly!
It was a potion of mutation.
You feel extremely strange.
Your thoughts seem clearer.
Large bone plates grow over parts of your arms. "See what I see, my child!"
You feel aware of your surroundings.
The orc priest calls upon Beogh to heal the orc wizard.
The orc wizard is healed somewhat.
The orc wizard hits you with a +0 dagger.
* * * LOW HITPOINT WARNING * * *
It was a potion of ambrosia.
You are confused.
You feel invigorated.
Xom roars with laughter!
The orc wizard hits you with a +0 dagger.
Unknown command.
It was a potion of degeneration.
There was something very wrong with that liquid.
You feel weakened.
You feel dopey.
You feel clumsy.
The orc priest invokes the aid of Beogh against you.
Beogh smites you!
* * * LOW HITPOINT WARNING * * *
The orc wizard points at you and mumbles some strange words.
You feel momentarily confused.
It was a potion of flight.
You feel very buoyant.
You fly up into the air.
Xom roars with laughter!
The orc wizard barely misses you.
The orc priest invokes the aid of Beogh against you.
Beogh smites you!
You die...
Xom titters!

#.# #.#.
#.########...
#.#........#.
######.#........#.
#......#..........
#.######.......##.
#.# #.^.....# #
#.# ###.......#
#@# #<).....###
#o# #.#####.# #o#
#.#* #.# #.# #.#*
... *...**#.#,,
.## *,...,*#.#, *
..... ...,,,,
..... ###***
##...##


You could see an orc priest and an orc wizard.

Vanquished Creatures
  2 adders (D:2)
  3 dart slugs
  2 orcs (D:3)
  5 ball pythons
  7 bats
  5 endoplasms
  3 giant cockroaches (D:1)
  5 goblins
  5 hobgoblins
  10 jackals (D:1)
  2 quokkas
  A frilled lizard (D:1)
  6 kobolds
  10 rats
66 creatures vanquished.

Vanquished Creatures (others)
  8 plants (D:1)
8 creatures vanquished.

Grand Total: 74 creatures vanquished

Notes
Turn   | Place    | Note
-------+----------+-------------------------------------------
     0 | D:1      | Dabor the Gnoll Arcane Marksman began the quest for the
                  | Orb.
     0 | D:1      | Reached XP level 1. HP: 17/17 MP: 4/4
   283 | D:1      | Reached XP level 2. HP: 23/23 MP: 3/5
   497 | D:1      | Found a faded altar of an unknown god.
   591 | D:1      | Prayed at the altar of an unknown god.
   591 | D:1      | Became a worshipper of Xom of Chaos
   703 | D:1      | Reached XP level 3. HP: 17/28 MP: 7/7
   780 | D:1      | XOM: silly message
   785 | D:1      | XOM: divination: magic mapping
  1031 | D:1      | Reached skill level 1 in Invocations
  1321 | D:2      | Reached skill level 1 in Short Blades
  1321 | D:2      | Reached skill level 1 in Long Blades
  1321 | D:2      | Reached skill level 1 in Axes
  1321 | D:2      | Reached skill level 1 in Maces & Flails
  1321 | D:2      | Reached skill level 1 in Polearms
  1321 | D:2      | Reached skill level 1 in Staves
  1321 | D:2      | Reached skill level 1 in Slings
  1321 | D:2      | Reached skill level 1 in Crossbows
  1321 | D:2      | Reached skill level 1 in Throwing
  1321 | D:2      | Reached skill level 1 in Armour
  1321 | D:2      | Reached skill level 1 in Stealth
  1321 | D:2      | Reached skill level 1 in Shields
  1321 | D:2      | Reached skill level 1 in Unarmed Combat
  1321 | D:2      | Reached skill level 1 in Evocations
  1379 | D:2      | Reached XP level 4. HP: 24/34 MP: 8/8
  1539 | D:2      | XOM: silly message
  1773 | D:2      | XOM: silly message
  1924 | D:3      | Reached skill level 1 in Conjurations
  1924 | D:3      | Reached skill level 1 in Summonings
  1924 | D:3      | Reached skill level 1 in Necromancy
  1924 | D:3      | Reached skill level 1 in Translocations
  1924 | D:3      | Reached skill level 1 in Transmutations
  1924 | D:3      | Reached skill level 1 in Fire Magic
  1924 | D:3      | Reached skill level 1 in Ice Magic
  1924 | D:3      | Reached skill level 1 in Air Magic
  1924 | D:3      | Reached skill level 1 in Earth Magic
  1924 | D:3      | Reached skill level 1 in Poison Magic
  2013 | D:3      | Gained mutation: You possess an exceptional clarity of
                  | mind. [potion of mutation]
  2013 | D:3      | Gained mutation: You are partially covered in large bone
                  | plates. (SH +4) [potion of mutation]
  2013 | D:3      | XOM: divination: magic mapping
  2016 | D:3      | Killed from afar by an orc priest

Illustrated notes

Levels and vault maps discovered:
D:1:      kennysheep_arrival_seaside, layout_basic,
          dilly_ecumenical_altar_fadedgnrine, nrook_uturn
D:2:      layout_rooms
D:3:      layout_loops_cross, dk_yredelemnul_ordeal, uniq_jessica, uniq_grinder

Skill      XL: |  1  2  3  4 |
---------------+-------------+-----
Invocations    | 1 |  1.3
Short Blades   | 1 |  1.2
Long Blades    | 1 |  1.2
Axes           | 1 |  1.2
Maces & Flails | 1 |  1.2
Polearms       | 1 |  1.2
Staves         | 1 |  1.2
Slings         | 1 |  1.2
Crossbows      | 1 |  1.2
Throwing       | 1 |  1.2
Armour         | 1 |  1.2
Stealth        | 1 |  1.2
Shields        | 1 |  1.2
Unarmed Combat | 1 |  1.2
Evocations     | 1 |  1.2
Spellcasting   | 3 |  3.0
Conjurations   | 1 |  1.0
Summonings     | 1 |  1.0
Necromancy     | 1 |  1.0
Translocations | 1 |  1.0
Transmutations | 1 |  1.0
Fire Magic     | 1 |  1.0
Ice Magic      | 1 |  1.0
Air Magic      | 1 |  1.0
Earth Magic    | 1 |  1.0
Poison Magic   | 1 |  1.0
Fighting       | |  2.8
Bows           | |  4.7
Dodging        | |  4.7
Hexes          | |  5.5

Action                   |  1- 3 |  4- 6 || total
-------------------------+-------+-------++-------
 Fire: Shortbow          |   103 |    73 ||   176
 Cast: Slow              |    11 |     1 ||    12
  Use: Potion            |       |     4 ||     4
Armor: Robe              |    12 |    10 ||    22
Dodge: Dodged            |    65 |    15 ||    80

Table legend: (Time is in decaauts)
 A = Elapsed time spent in this place.
 B = Non-inter-level travel time spent in this place.
 C = Inter-level travel time spent in this place.
 D = Time resting spent in this place.
 E = Time spent auto-exploring this place.
 F = Levels seen in this place.
 G = Mean time per level.
                   A        B        C        D        E       F      G
               +--------+--------+--------+--------+--------+-----+--------+
         Total |   2066 |   1958 |    108 |      0 |   1609 |   3 |  688.7 |
       Dungeon |   2066 |   1958 |    108 |      0 |   1609 |   3 |  688.7 |
               +--------+--------+--------+--------+--------+-----+--------+

Top non-repeatable levels by time:
     D:1: 1308 daAuts
     D:2: 642 daAuts
     D:3: 114 daAuts
